 Dungeon Crawl Stone Soup version 0.27.1-2-g3b301248ec (webtiles) character file.

Game seed: 14172523620964776682

72 rogsnak the Firebug (level 4, -4/36 HPs)
             Began as a Naga Fire Elementalist on Oct 3, 2021.
             Slain by an iguana (7 damage)
             ... on level 2 of the Dungeon.
             The game lasted 00:05:21 (1794 turns).

rogsnak the Firebug (Naga Fire Elementalist)        Turns: 1794, Time: 00:05:22

Health: -4/36      AC:  6    Str: 10    XL:     4   Next: 25%
Magic:  1/7        EV:  8    Int: 16    God:
Gold:   73         SH:  0    Dex: 12    Spells: 7/8 levels left

rFire    . . .     SeeInvis +   b - +0 short sword
rCold    . . .     Faith    .   (no shield)
rNeg     . . .     Spirit   .   a - +0 robe
rPois    +         Reflect  .   (no helmet)
rElec    .         Harm     .   (no cloak)
rCorr    .         Rampage  .   (no gloves)
Will     .....                  e - +0 barding
Stlth    ++........             (no amulet)
HPRegen  0.12/turn              (no ring)
MPRegen  0.10/turn              (no ring)

@: very slow
A: AC +1, large, see invisible, deformed body, poison resistance, slowness 2,
spit poison 1, naga tail 1
a: Spit Poison


You were on level 2 of the Dungeon.
You visited 1 branch of the dungeon, and saw 2 of its levels.

You collected 73 gold pieces.

Inventory:

Hand Weapons
 b - a +0 short sword (weapon)
Missiles
 c - 123 stones
Armour
 a - a +0 robe (worn)
 e - a +0 barding (worn)
Scrolls
 d - a scroll of teleportation {unknown}
 f - a scroll of silence {unknown}


   Skills:
 + Level 0.2 Fighting
 + Level 1.6 Dodging
 - Level 3.0 Stealth
 + Level 2.5 Spellcasting
 * Level 2.0 Conjurations
 + Level 4.1 Fire Magic


You had 7 spell levels left.
You knew the following spells:

 Your Spells              Type           Power      Damage    Failure   Level
a - Foxfire               Conj/Fire      44%        2x1d6     5%          1

Your spell library contained the following spells:

 Spells                   Type           Power      Damage    Failure   Level
 Conjure Flame            Conj/Fire      11%        6-21      17%         3
 Animate Skeleton         Necr           4%         N/A       21%         1
 Apportation              Tloc           4%         N/A       21%         1
 Corona                   Hex            2%         N/A       21%         1
 Summon Small Mammal      Summ           8%         N/A       21%         1
 Inner Flame              Hex/Fire       8%         N/A       26%         3
 Ignite Poison            Fire/Tmut/Pois 6%         N/A       34%         3
 Mephitic Cloud           Conj/Pois/Air  4%         N/A       41%         3
 Sticky Flame             Conj/Fire      11%        2d3       50%         4
 Fireball                 Conj/Fire      5%         3d5       83%         5
 Bolt of Magma            Conj/Fire/Erth 4%         4d5       93%         5


Dungeon Overview and Level Annotations

Branches:
Dungeon (2/15)

Altars:
Kikubaaqudgha

Shops:
D:1 *   D:2 !


Innate Abilities, Weirdness & Mutations

Your serpentine skin is tough. (AC +1)
You have supernaturally acute eyesight. (SInv)
Armour fits poorly on your strangely shaped body.
Your system is resistant to poisons. (rPois)
You cover ground very slowly.
You can spit poison.
You have a snake-like lower body.


Message History

Unknown command.
Press: ? - help, Shift-Dir - straight line, f/p - iguana
Aim: an iguana (heavily wounded, ally target)
The splash of poison misses the iguana.
The foxfire hits the iguana but does no damage.
The iguana is heavily wounded.
The foxfire hits the iguana but does no damage.
The iguana is heavily wounded.
The iguana bites you!
Casting: Foxfire (safe; 5% risk of failure)
Confirm with . or Enter, or press ? or * to list all spells.
You conjure some foxfire!
The iguana closely misses you.
Unknown command.
Casting: Foxfire (safe; 5% risk of failure)
Confirm with . or Enter, or press ? or * to list all spells.
You conjure some foxfire!
You have got your breath back.
The foxfire hits the iguana.
The iguana is severely wounded.
The iguana completely misses you.
Casting: Foxfire (safe; 5% risk of failure)
Confirm with . or Enter, or press ? or * to list all spells.
You conjure some foxfire!
The iguana bites you!
* * * LOW HITPOINT WARNING * * *
Unknown command.
Unknown command.
Your foxfire dissipates!
The foxfire hits the iguana but does no damage.
The iguana is severely wounded.
The foxfire hits the iguana.
The iguana is severely wounded.
The foxfire hits the iguana but does no damage.
The iguana is severely wounded.
The foxfire hits the iguana.
The iguana is almost dead.
Unknown command.
Casting: Foxfire (safe; 5% risk of failure)
Confirm with . or Enter, or press ? or * to list all spells.
You conjure some foxfire!
The iguana bites you!
You die...

..#...#.#.###.##+##'####
#.#
..+...'...l.......#.#
#.#
###...#.#.###..#..#.#
#.#
#######.#.........#.#
#.#
l.......#.####.#..#.#
#.#
##############.#.##.#
#.. .......
......).....# #######
#####.v.#### ##v@# #l§#
........§# ##########


You could see an iguana (ally target).

Vanquished Creatures
  2 adders (D:2)
  4 orcs (D:2)
  6 bats
  5 endoplasms (D:1)
  2 giant cockroaches (D:1)
  2 goblins (D:2)
  2 hobgoblins (D:1)
  8 jackals
  3 quokkas
  3 ball pythons
  A frilled lizard (D:1)
  2 kobolds (D:1)
  3 rats
43 creatures vanquished.

Vanquished Creatures (others)
  127 foxfires
127 creatures vanquished.

Grand Total: 170 creatures vanquished

Notes
Turn   | Place    | Note
-------+----------+-------------------------------------------
     0 | D:1      | rogsnak the Naga Fire Elementalist began the quest for the
                  | Orb.
     0 | D:1      | Reached XP level 1. HP: 15/15 MP: 3/3
   217 | D:1      | Reached XP level 2. HP: 22/22 MP: 3/5
   239 | D:1      | Found a faded altar of an unknown god.
   833 | D:1      | Reached XP level 3. HP: 28/28 MP: 3/6
  1048 | D:1      | Found Eschaocem's Assorted Antiques.
  1113 | D:2      | Found Nafuod's Distillery.
  1298 | D:1      | Reached skill level 4 in Fire Magic
  1420 | D:2      | Found an ancient bone altar of Kikubaaqudgha.
  1607 | D:2      | Reached XP level 4. HP: 36/36 MP: 4/7
  1794 | D:2      | Slain by an iguana

Illustrated notes

Levels and vault maps discovered:
D:1:      minmay_arrival_doors, layout_loops_ring,
          hellmonk_ecumenical_altar_dog_temple, serial_shops, shop
D:2:      layout_basic, basic_altar, serial_shops, shop

Skill      XL: |  1  2  3  4 |
---------------+-------------+-----
Fire Magic     | 4 |  4.1
Conjurations   | 2 |  2.0
Fighting       | |  0.2
Dodging        | |  1.6
Stealth        | |  3.0
Spellcasting   | |  2.5

Action                   |  1- 3 |  4- 6 || total
-------------------------+-------+-------++-------
Melee: Unarmed           |     3 |       ||     3
       Short sword       |    24 |     1 ||    25
 Cast: Foxfire           |    69 |    11 ||    80
 Abil: Spit Poison       |     6 |     3 ||     9
Armor: Robe              |    22 |     1 ||    23
Dodge: Dodged            |    11 |     4 ||    15
